[Event "*** Titled Tuesday Blitz"]
[Site "Chess.com"]
[Date "2021.03.09"]
[Round "7"]
[White "Mbneu"]
[Black "SkippingLaptop"]
[Result "1-0"]
[WhiteElo "2286"]
[BlackElo "2095"]
[TimeControl "180+1"]
[EndTime "11:22:33 PST"]
[Termination "Mbneu won by checkmate"]

1. d4 Nf6 2. c4 e6 3. Nc3 Bb4 4. Bg5 d5 5. Nf3 O-O 6. e3 c5 7. cxd5 exd5 8. Be2 Nc6 9. dxc5 Be6 10. O-O Bxc5 11.
Rc1 Be7 12. Nd4 Re8 13. Nxe6 fxe6 14. Nb5 a6 15. Nd4 Qd7 16. Bg4 Nxg4 17. Qxg4 Bxg5 18.
Qxg5 Nxd4 19. exd4 Rac8 20. h3 Rf8 21. Qe3 Rf6 22.
Rxc8+ Qxc8 23. Rc1 Qd7 24. Rc5 b6 25. Rc2 h6 26.
Qc3 Qf7 27. Qc8+ Kh7 28. Qxa6 Qg6 29. Qe2 Rf4 30. Rc6 Re4 31. Qd2 Qf6 32. Rxb6 Rxd4 33. Qc2+ Re4 34. Rb4 Qg6 35. Rxe4 dxe4 36. a4 e5 37. a5 Qa6 38. Qxe4+ Kg8 39. Qxe5 Qd3 40. Kh2 Qb3 41. f3 Kh7 42. a6 Qa4 43. Qe4+ Qxe4 44.
fxe4 Kg6 45. a7 Kf6 46. a8=Q Ke5 47. Qd5+ Kf4 48. Qf5+ Ke3 49. e5 Kd2 50. e6 Kc1 51. b4 Kb2 52. b5 Kb3 53. b6 Kb4 54. b7 Ka3 55. b8=Q Ka2 56. Qfb1+ Ka3 57. Qa1# 1-0

[Event "*** Titled Tuesday Blitz"]
[Site "Chess.com"]
[Date "2021.03.09"]
[Round "7"]
[White "Szparu"]
[Black "Moon_stone123"]
[Result "1-0"]
[WhiteElo "2650"]
[BlackElo "2499"]
[TimeControl "180+1"]
[EndTime "11:22:34 PST"]
[Termination "Szparu won by checkmate"]

1. d4 d5 2. c4 dxc4 3. e4 Nf6 4. e5 Nd5 5. Bxc4 Nb6 6. Bb3 Nc6 7. Ne2 Bg4 8. Nbc3 Bxe2 9. Nxe2 e6 10. O-O Be7 11. Bc2 Nb4 12. Be4 N4d5 13. Ng3 g6 14. Bd2 Rc8 15.
Bf3 h5 16. Ne4 Nd7 17. Qa4 a6 18. Rac1 c6 19. g3 h4 20. Bg4 Kf8 21. Qb3 Qb6 22.
Qd3 Kg7 23. Rc2 Rce8 24. Kg2 hxg3 25. fxg3 c5 26. Bc3 Nxc3 27. bxc3 cxd4 28. Rcf2 Nxe5 29. Qd1 f5 30. Be2 Qc6 31. cxd4 Qxe4+ 32. Kg1 Nc6 33. Bf3 Qxd4 34. Qe1 Qd6 35. Kg2 Bf6 36. Rd2 Qe7 37.
Re2 e5 38. Bd5 Nd4 39. Rb2 Rd8 40. Rxb7 Rd7 41. Rxd7 Qxd7 42. Bc4 Rc8 43. Bd3 Qc7 44. Qb4 Qc3 45. Qb7+ Rc7 46. Qxa6 Qd2+ 47. Kg1 Qe3+ 48. Kg2 e4 49. Bc4 Nf3 50. Qe6 Re7 51. Qg8+ Kh6 52.
Qf8+ Rg7 53. Qxf6 Nd2 54. Qh4# 1-0

[Event "*** Titled Tuesday Blitz"]
[Site "Chess.com"]
[Date "2021.03.09"]
[Round "7"]
[White "samidescalona2002"]
[Black "DrCeltic"]
[Result "0-1"]
[WhiteElo "2283"]
[BlackElo "2481"]
[TimeControl "180+1"]
[EndTime "11:22:35 PST"]
[Termination "DrCeltic won by checkmate"]

1. d4 d5 2. Bf4 Nf6 3. e3 e6 4.
Nf3 Bd6 5. Bg3 O-O 6. Nbd2 b6 7. Bd3 Ba6 8. O-O Bxd3 9. cxd3 c5 10. Qa4 a6 11.
Bxd6 Qxd6 12. dxc5 bxc5 13. Rfc1 Nbd7 14. Rc2 Rfb8 15.
Rac1 h6 16. b3 Rb4 17. Qa5 Rb5 18. Qa3 Qb6 19. d4 cxd4 20. Nxd4 Ra5 21. Qb2 Rc5 22. Rxc5 Nxc5 23. Qc2 Nce4 24. N2f3 a5 25. Ne5 Qd6 26.
Qc7 Qxc7 27. Rxc7 Nd6 28. Rc6 Nfe8 29. Nd7 a4 30. b4 Nc4 31. b5 Rd8 32. Nc5 Ned6 33.
b6 Na5 34. Rc7 Rb8 35. Nd7 Rc8 36. Nb5 Rxc7 37. bxc7 Nc8 38. Kf1 Nb7 39. Ke2 f6 40. Kd3 Kf7 41. Nc3 Ke7 42. Nb8 Kd6 43. Nb5+ Kc5 44.
Nd4 Kd6 45. Nb5+ Kc5 46. Nc3 Kb6 47. Nxa4+ Kxc7 48. Na6+ Kc6 49. Nb4+ Kb5 50. Nc3+ Kxb4 51. Ne2 Nc5+ 52. Kd4 Nb6 53. f3 e5# 0-1

[Event "*** Titled Tuesday Blitz"]
[Site "Chess.com"]
[Date "2021.03.09"]
[Round "7"]
[White "coco_crc"]
[Black "Agoking701"]
[Result "0-1"]
[WhiteElo "2203"]
[BlackElo "2355"]
[TimeControl "180+1"]
[EndTime "11:22:35 PST"]
[Termination "Agoking701 won on time"]

1. e4 c5 2. Nf3 d6 3. d4 cxd4 4. Nxd4 Nf6 5. Nc3 a6 6. Bc4 e6 7. Bb3 Nbd7 8. O-O Nc5 9. f4 Qc7 10. f5 e5 11. Nde2 Nxb3 12. cxb3 b5 13. Be3 Bb7 14. Rc1 Qd7 15. Bg5 Be7 16. Bxf6 Bxf6 17. Nd5 Rc8 18. Qd2 Rc6 19. Rxc6 Bxc6 20. Rc1 h6 21.
Nxf6+ gxf6 22. Nc3 Ke7 23. Nd5+ Bxd5 24. Qxd5 Rc8 25.
Rc3 Qa7+ 26. Kh1 Rxc3 27. bxc3 Qe3 28. h3 Qxc3 29. Qb7+ Kf8 30. Qxa6 Qe1+ 31. Kh2 Qxe4 32. Qxb5 d5 33. a4 d4 34. Qb4+ Kg7 35. a5 Qf4+ 36.
Kg1 Qe3+ 37. Kh2 Qf4+ 38. Kg1 Qc1+ 39. Kh2 d3 40. a6 d2 41. Qg4+ Kh7 42. a7 d1=Q 43.
Qxd1 Qxd1 44. a8=Q Qxb3 45. Qe4 Qb6 46. Kg3 Qd6 47. Qg4 Qd2 48. Kf3 Qd3+ 49. Kf2 e4 50.
Qh5 e3+ 0-1

[Event "*** Titled Tuesday Blitz"]
[Site "Chess.com"]
[Date "2021.03.09"]
[Round "7"]
[White "Anna_ChessMate"]
[Black "dretch"]
[Result "0-1"]
[WhiteElo "2582"]
[BlackElo "2853"]
[TimeControl "180+1"]
[EndTime "11:22:36 PST"]
[Termination "dretch won on time"]

1. d4 d5 2. c4 c6 3. Nc3 dxc4 4.
Nf3 Nf6 5. a4 Bf5 6. Ne5 Nbd7 7.
Nxc4 Nb6 8. Ne5 a5 9. f3 Nfd7 10. Nd3 Bxd3 11. Qxd3 e5 12. e4 Qh4+ 13. g3 Qf6 14. d5 Nc5 15. Qe3 cxd5 16. exd5 O-O-O 17. Ne4 Nxd5 18. Nxf6 Nxe3 19. Bxe3 gxf6 20. Bc4 Ne6 21. O-O Bb4 22. f4 e4 23. f5 Nd4 24. Bxf7 Nf3+ 25. Kg2 Bd2 26. Bb6 Rd6 27. Bc5 Rc6 28. Bf2 Rc2 29. Bd5 Re8 30. Bxe4 Nh4+ 31. gxh4 Rxe4 32. b3 Rf4 33. Kg3 Rxf5 34. Bd4 Rxf1 35. Rxf1 Bc3 36. Bxf6 Kd7 37. h3 Ke6 38. Bg5 Be5+ 39.
Kg4 Rc3 40. Rf3 Rxf3 41. Kxf3 Kf5 42. Ke3 h5 43. Kd3 Bf4 44. Bd8 Bg3 45. Kc4 Be1 46. Kb5 Ke4 47. Kb6 Kd4 48. Kxb7 Kc5 49. Ka6 Kc6 50. Bxa5 Bxh4 51. Bd2 Bf2 52. b4 Kd5 53. b5 Bc5 54. b6 Kc6 55. b7 Bd6 0-1

[Event "*** Titled Tuesday Blitz"]
[Site "Chess.com"]
[Date "2021.03.09"]
[Round "7"]
[White "SirStrateg"]
[Black "kirillshevchenko"]
[Result "0-1"]
[WhiteElo "2603"]
[BlackElo "2832"]
[TimeControl "180+1"]
[EndTime "11:22:36 PST"]
[Termination "kirillshevchenko won by resignation"]

1. d4 Nf6 2. Bf4 d5 3. e3 c5 4.
c3 Nc6 5. Nd2 Qb6 6. Qb3 c4 7.
Qc2 e6 8. Ngf3 Be7 9. b3 cxb3 10. axb3 Bd7 11. Be2 Rc8 12. O-O Nh5 13. Bg3 Nxg3 14.
hxg3 O-O 15. c4 Nb4 16. Qc3 Rfd8 17. c5 a5 18. Ne5 Qc7 19. Rfc1 b6 20. Nxd7 Qxd7 21.
c6 Rxc6 22. Qb2 Rdc8 23. Rxc6 Qxc6 24. Nf3 Qc2 25. Qxc2 Rxc2 26. Bb5 Bd6 27. Rb1 g6 28. Ne1 Rc3 29. Kf1 Nc2 30. Nxc2 Rxc2 31. Bd3 Rd2 32.
Bb5 Ba3 33. g4 Kg7 34. g3 Kf6 35. Kg2 Rc2 36. Kf3 Bb4 37. Rh1 Kg7 38. Rb1 h6 39. Be8 Kf8 40. Bb5 Ke7 41. Bd3 Rd2 42. Bb5 f6 43. Rh1 Rb2 44. Ba4 e5 45. dxe5 fxe5 46. Rxh6 Be1 47. g5 Rxf2+ 48. Kg4 d4 49. exd4 exd4 50.
Bb5 Rg2 51. Rxg6 d3 52. Rg7+ Ke6 53. Rd7 d2 54. Kf4 Rf2+ 55. Ke3 Rf5 56. Bc4+ Kxd7 0-1

[Event "*** Titled Tuesday Blitz"]
[Site "Chess.com"]
[Date "2021.03.09"]
[Round "7"]
[White "BigAl"]
[Black "DinaBelenkaya"]
[Result "1-0"]
[WhiteElo "2504"]
[BlackElo "2354"]
[TimeControl "180+1"]
[EndTime "11:22:36 PST"]
[Termination "BigAl won by checkmate"]

1. Nf3 d5 2. g3 Bg4 3. Bg2 Nd7 4. O-O e5 5. d3 c6 6. c4 Bd6 7. cxd5 cxd5 8. Nc3 Ne7 9. Qb3 Nb6 10. Nb5 Bb8 11.
h3 Bd7 12. d4 e4 13. Ne5 Be6 14. f3 O-O 15. Be3 Bxe5 16. dxe5 d4 17. Qa3 dxe3 18. Rfd1 Nd7 19. f4 Qb6 20. Nd6 f5 21. Rac1 Nc6 22.
Nc4 Qc7 23. Nxe3 Nb6 24. Rd6 Rfe8 25. g4 Rad8 26. gxf5 Bc8 27. Rcd1 Rxd6 28. Rxd6 Rd8 29. Qb3+ Kh8 30. Rxd8+ Qxd8 31. Bxe4 Ne7 32. Qf7 Bd7 33. Kf2 Qe8 34. Qxe8+ Bxe8 35. b3 Bc6 36. Bd3 Nbd5 37. Nxd5 Nxd5 38. Kg3 Kg8 39. Bc4 Kf8 40. e4 Nc3 41.
Bd3 Nxe4+ 42. Kg4 Nc3 43. Kg5 Nxa2 44. f6 gxf6+ 45. Kxf6 Nb4 46. Bxh7 Nd5+ 47. Kg5 Ne3 48. Bd3 Bd5 49. h4 a5 50. h5 Bxb3 51. h6 Bg8 52. f5 a4 53. f6 a3 54. e6 a2 55. e7+ Ke8 56. Bb5+ Kf7 57. e8=Q# 1-0

[Event "*** Titled Tuesday Blitz"]
[Site "Chess.com"]
[Date "2021.03.09"]
[Round "7"]
[White "allvim"]
[Black "AungTZ"]
[Result "1-0"]
[WhiteElo "2361"]
[BlackElo "2207"]
[TimeControl "180+1"]
[EndTime "11:22:36 PST"]
[Termination "allvim won by checkmate"]

1. e4 c5 2. Nf3 Nc6 3. d4 cxd4 4. Nxd4 Nf6 5. Nc3 d6 6. Be2 e5 7. Ndb5 a6 8. Na3 b5 9. Nd5 Be6 10. Be3 Rb8 11. Bg5 Bxd5 12. exd5 Na7 13. O-O Be7 14. c3 O-O 15. Be3 Nc8 16. Nc2 Nd7 17. Nb4 Rb7 18.
Nxa6 f5 19. f4 e4 20. Nb4 Bf6 21. Nc6 Qe8 22. Bd4 Nc5 23. b4 Na4 24. Bxf6 Rxf6 25. Rc1 Na7 26. Nd4 Rg6 27. Nxf5 Rc7 28. Qd2 Qb8 29.
Rfd1 Qb6+ 30. Nd4 Qb8 31. Qe3 Qc8 32. Ne6 Re7 33. f5 Rf6 34. g4 Nc6 35. h4 Nd8 36.
Rf1 Nxe6 37. dxe6 Re8 38. g5 Qd8 39. gxf6 Qxf6 40. Qg5 Nb6 41. Qxf6 gxf6 42. Bxb5 Kh8 43. Bxe8 Nc8 44. Bd7 Ne7 45. a4 d5 46. a5 d4 47. cxd4 e3 48. Rc8+ Nxc8 49. Bxc8 Kg7 50. Re1 e2 51. Rxe2 Kf8 52. e7+ Ke8 53. Bd7+ Kxd7 54.
e8=Q+ Kd6 55. Qe6+ Kc7 56. Rc2+ Kb7 57. Qb6+ Ka8 58.
Rc8# 1-0

[Event "*** Titled Tuesday Blitz"]
[Site "Chess.com"]
[Date "2021.03.09"]
[Round "7"]
[White "SaraciNderim"]
[Black "Grandmaster2B"]
[Result "1-0"]
[WhiteElo "2799"]
[BlackElo "2558"]
[TimeControl "180+1"]
[EndTime "11:22:37 PST"]
[Termination "SaraciNderim won by resignation"]

1. e4 c5 2. Nf3 d6 3. d4 cxd4 4. Nxd4 Nf6 5. Nc3 a6 6. Bg5 Nbd7 7. f4 Qc7 8. Qd2 e6 9. O-O-O b5 10. Bxb5 axb5 11.
Ndxb5 Qb6 12. Nxd6+ Bxd6 13. Qxd6 Qxd6 14. Rxd6 h6 15. Bh4 O-O 16. Rhd1 Nc5 17. Bxf6 gxf6 18. Rd8 Bb7 19. Rxf8+ Kxf8 20. Rd4 Ke7 21. g3 h5 22. Rc4 Rc8 23. a4 h4 24. b4 hxg3 25. hxg3 Na6 26. Rxc8 Bxc8 27. b5 Nc5 28. Kd2 Kd6 29. a5 Kc7 30.
Ke3 Nb7 31. a6 Nd6 32. e5 fxe5 33. fxe5 Nf5+ 34. Kf4 Kb6 35. Ne4 Kxb5 36. a7 Bb7 37. Nd6+ Nxd6 38. exd6 Kc6 39. Ke5 Kd7 40. c4 f5 41. c5 Ba8 42. Kf6 Bb7 43. Ke5 Ba8 44. Kd4 Bc6 45. Ke5 Bd5 46. Kf4 Be4 47. g4 Bd5 48. g5 Bc4 49. Ke5 Bd5 50. g6 f4 51.
g7 f3 52. g8=Q f2 53. Qf7+ Kc6 54. Qxf2 1-0

[Event "*** Titled Tuesday Blitz"]
[Site "Chess.com"]
[Date "2021.03.09"]
[Round "7"]
[White "Niktlt"]
[Black "Ranindu2003"]
[Result "1-0"]
[WhiteElo "2457"]
[BlackElo "2609"]
[TimeControl "180+1"]
[EndTime "11:22:38 PST"]
[Termination "Niktlt won by checkmate"]

1. c4 e6 2. Nc3 d5 3. d4 a6 4. Nf3 dxc4 5. a4 Nf6 6. e3 b6 7. Bxc4 Bb7 8. O-O Bb4 9. Be2 O-O 10. Bd2 Qe7 11. Qb3 Nc6 12. Rac1 Na5 13. Qc2 Rac8 14. Rfd1 c5 15. dxc5 Rxc5 16. Be1 Rfc8 17. Rd4 Nc6 18. Rh4 h6 19. Qb3 a5 20. Rd1 Ne5 21. Nxe5 Rxe5 22. Rhd4 Rg5 23. Bf1 e5 24. R4d2 Bc6 25. Qc4 Rg4 26.
Qa6 Bb7 27. Qxb6 Kh7 28. Qb5 Ne4 29. Nxe4 Bxe4 30. Rd7 Qg5 31. g3 Rh4 32. Qe2 Bf5 33.
R7d5 Rc2 34. Bd2 Be4 35. Rb5 Bxd2 36. Rxd2 Rxd2 37. Qxd2 Rxh2 38. Kxh2 Qh5+ 39. Bh3 Bf5 40. g4 Bxg4 41. Qd3+ f5 42. e4 f4 43. Rxe5 Qxe5 44. Bxg4 f3+ 45. Kh3 Qxb2 46. Bf5+ Kg8 47. Qd8+ Kf7 48. Qd7+ Kf6 49. Qe6+ Kg5 50. Qg6+ Kf4 51.
Qg3# 1-0

[Event "*** Titled Tuesday Blitz"]
[Site "Chess.com"]
[Date "2021.03.09"]
[Round "7"]
[White "Vandros57"]
[Black "rachidhuilda"]
[Result "1-0"]
[WhiteElo "2214"]
[BlackElo "2272"]
[TimeControl "180+1"]
[EndTime "11:22:39 PST"]
[Termination "Vandros57 won by resignation"]

1. d4 Nf6 2. c4 c5 3. d5 b5 4.
cxb5 a6 5. bxa6 g6 6. Nc3 Bg7 7. Nf3 O-O 8. e4 Qa5 9. Bf4 Nxe4 10. Be5 Nxc3 11. Qd2 Bxa6 12. Bxg7 Kxg7 13. Qxc3+ Qxc3+ 14. bxc3 Bxf1 15. Rxf1 Ra3 16. Kd2 d6 17. Rfe1 Kf6 18.
g4 g5 19. h4 h6 20. hxg5+ hxg5 21. Rh1 Nd7 22. Rh6+ Kg7 23. Rah1 Rxa2+ 24. Kd3 Nf6 25. Nxg5 Rxf2 26. Ne4 Nxe4 27. Rh7+ Kg6 28. Kxe4 Rg8 29. R1h5 f6 30. R7h6+ Kf7 31. Rh7+ Rg7 32. Rxg7+ Kxg7 33. g5 fxg5 34. Rxg5+ Kf6 35. Rg3 Re2+ 36. Kd3 Re1 37. c4 Rd1+ 38. Kc3 Rd4 39. Re3 Kf7 40. Re6 Ke8 41.
Rh6 Kd7 42. Rh8 Rf4 43. Rg8 Rf3+ 44. Kd2 Rh3 45. Kc2 Rh4 46. Kc3 Rh3+ 47. Kc2 Rf3 48.
Kb2 Rf8 49. Rxf8 e6 50. Rf1 exd5 51. Rf2 Kc7 52. cxd5 Kb6 53. Rf7 c4 54. Kc3 Kc5 55. Rf6 Kxd5 56. Rf5+ Ke4 57. Kxc4 d5+ 58. Rxd5 Ke3 59.
Rd1 Ke2 60. Rd8 Ke3 61. Rd7 1-0

[Event "*** Titled Tuesday Blitz"]
[Site "Chess.com"]
[Date "2021.03.09"]
[Round "7"]
[White "miredenizdogan"]
[Black "SanQui14"]
[Result "1-0"]
[WhiteElo "2271"]
[BlackElo "2362"]
[TimeControl "180+1"]
[EndTime "11:22:40 PST"]
[Termination "miredenizdogan won on time"]

1. b4 e5 2. Bb2 d6 3. e4 Nf6 4.
Nc3 Be7 5. Nf3 O-O 6. h3 h6 7. Bc4 Be6 8. Qe2 Nc6 9. a3 Nd4 10. Nxd4 exd4 11. Nd5 Re8 12. O-O c5 13. c3 dxc3 14.
Bxc3 Bxd5 15. exd5 a6 16. b5 Nd7 17. bxa6 bxa6 18.
Bxa6 Bf6 19. Qb5 Rb8 20. Qa4 Nb6 21. Qc6 Ra8 22. Bb5 Re7 23. a4 Rc8 24. a5 Rxc6 25. dxc6 Na8 26. a6 Bxc3 27. dxc3 Qb6 28. Rfb1 Rc7 29.
a7 g6 30. Ba4 Qxa7 31. Bc2 Qxa1 32. Rxa1 Nb6 33. Ra6 Nc8 34. Be4 Kg7 35. c4 Ne7 36. Bd5 Kf6 37. f4 Rc8 38. Kf2 g5 39. g3 h5 40. Kf3 h4 41. gxh4 gxf4 42. Kxf4 Ng6+ 43. Kg4 Ne5+ 44. Kf4 Ke7 45. Ra7+ Kf6 46. h5 Rh8 47. Rd7 Rxh5 48. Rxd6+ Ke7 49. c7 Nd3+ 50. Ke3 Kxd6 51. c8=Q Ne5 52. Qd8+ Nd7 53. h4 Re5+ 54. Kd3 Rf5 55.
Kc2 Rh5 56. Qg8 1-0

[Event "*** Titled Tuesday Blitz"]
[Site "Chess.com"]
[Date "2021.03.09"]
[Round "7"]
[White "Aradhya2000"]
[Black "Saxar85"]
[Result "1-0"]
[WhiteElo "2572"]
[BlackElo "2766"]
[TimeControl "180+1"]
[EndTime "11:22:41 PST"]
[Termination "Aradhya2000 won on time"]

1. d4 Nf6 2. c4 d6 3. Nf3 Bg4 4.
Nc3 g6 5. g3 Bxf3 6. exf3 Bg7 7.
Bg2 O-O 8. O-O c6 9. d5 Nbd7 10. f4 Rc8 11. Be3 Nb6 12. Qb3 cxd5 13. cxd5 Nfd7 14. Rfd1 Nc5 15. Bxc5 Rxc5 16. Ne4 Rc7 17. Rac1 Qc8 18. Rxc7 Qxc7 19. Bf1 Rc8 20. Bd3 h6 21. h4 Qd7 22. Nc3 Bxc3 23. bxc3 Qc7 24. c4 Qc5 25. f5 g5 26. hxg5 hxg5 27. Re1 Rc7 28. Re4 f6 29. Kg2 Kf8 30. Qd1 Qa3 31. Qe2 Ke8 32.
Re3 Qc5 33. Qh5+ Kd7 34. Qf7 Nc8 35. Qe6+ Kd8 36. Qg8+ Kd7 37. Qe6+ Kd8 38. Be2 Qd4 39. Bh5 Rxc4 40. Qg8+ Kc7 41. Bf3 Kb8 42. Rxe7 a6 43. Re8 g4 44. Be4 Ka7 45. Qxg4 Nb6 46. Qf3 Nd7 47.
Re6 Ne5 48. Qf4 Qxe4+ 49. Qxe4 Rxe4 50. Rxf6 Nc4 51. Re6 Rg4 52. f6 Rg8 53. f4 1-0

[Event "*** Titled Tuesday Blitz"]
[Site "Chess.com"]
[Date "2021.03.09"]
[Round "7"]
[White "Vaathi_Coming"]
[Black "Love_craft"]
[Result "1-0"]
[WhiteElo "2792"]
[BlackElo "2546"]
[TimeControl "180+1"]
[EndTime "11:22:41 PST"]
[Termination "Vaathi_Coming won by resignation"]

1. b4 e5 2. Bb2 d6 3. f4 Nd7 4. e4 Ngf6 5. Qf3 exf4 6. d4 Nb6 7.
Nd2 g5 8. h4 Bg4 9. Qf2 d5 10.
hxg5 Nxe4 11. Nxe4 dxe4 12. Qxf4 Qd7 13. Qe5+ Qe7 14. Qxh8 Qxb4+ 15. Kf2 Qxb2 16. Qe5+ Be6 17. Nh3 O-O-O 18. Be2 Rxd4 19. Rad1 e3+ 20. Kf3 Bd5+ 21. Kxe3 Rd3+ 22. Kf4 Bd6 23. Qxd6 cxd6 24. Rxd3 Qe5+ 25.
Kg4 Qxe2+ 26. Kh4 Qxg2 27. Rg1 Qe4+ 28. Rg4 Qe6 29. Nf4 Qe4 30. Nh5 Qh1+ 31. Rh3 Qe1+ 32. Rgg3 Be6 33. Nf6 Qf1 34. Rh2 Qb5 35. Kh5 Qa4 36.
Kh6 Nd7 37. Ng8 Kd8 38. Kxh7 Qf4 39. Rhg2 Qf5+ 40. Kg7 Ne5 41. Nf6 Qg6+ 42. Kh8 Nd7 43. Rh2 Nxf6 44. gxf6 Qxf6+ 45. Rg7 Bf5 46. Rf2 Qe6 47.
Kg8 Kd7 48. Rxf7+ Qe7 49. Rxe7+ Kxe7 50. Rxf5 Kd7 51. Rf7+ Kc6 52. Kg7 b5 53. Kf6 a5 54.
Ke6 Kc5 55. Rc7+ Kb6 56. Kxd6 a4 57. Rc6+ Ka5 58. a3 b4 59. Rc5+ Kb6 60. axb4 a3 61.
Ra5 a2 62. Rxa2 1-0

[Event "*** Titled Tuesday Blitz"]
[Site "Chess.com"]
[Date "2021.03.09"]
[Round "7"]
[White "QueenOfTactics90"]
[Black "ailime26"]
[Result "0-1"]
[WhiteElo "1978"]
[BlackElo "2086"]
[TimeControl "180+1"]
[EndTime "11:22:41 PST"]
[Termination "ailime26 won on time"]

1. e4 c5 2. Nf3 Nc6 3. d4 cxd4 4.
Nxd4 Nf6 5. f3 e5 6. Nb3 d6 7. c4 Be7 8. Nc3 O-O 9. Be3 Be6 10.
Be2 a6 11. O-O Nh5 12. g3 f5 13. exf5 Bxf5 14. g4 Bg5 15. Bf2 Nf4 16. gxf5 Bh4 17. Bg3 Qg5 18. Ne4 Qh6 19. Kh1 Rxf5 20. Qxd6 Qh5 21.
Bxf4 Rxf4 22. Qe6+ Kh8 23. Rg1 Rxe4 24. fxe4 Qxe2 25.
Qg4 Qxg4 26. Rxg4 Bf6 27. Rd1 Nd4 28. Nxd4 exd4 29. Kg2 Rc8 30. b3 b5 31. cxb5 axb5 32. Rd2 Rc3 33. Rg3 Rc1 34. Rgd3 Kg8 35. Kf3 Be5 36. Kg4 Rf1 37. Rf3 Rg1+ 38. Kf5 Bf6 39. e5 Rg5+ 40. Ke6 Rxe5+ 41. Kd6 Re1 42. Rc2 Kf7 43. Rc7+ Kg6 44. Rg3+ Kf5 45. Rc5+ Re5 46. Rd3 Ke4 47. Rd1 Be7+ 0-1

[Event "*** Titled Tuesday Blitz"]
[Site "Chess.com"]
[Date "2021.03.09"]
[Round "7"]
[White "zacachess"]
[Black "chessmachine14"]
[Result "0-1"]
[WhiteElo "2477"]
[BlackElo "2342"]
[TimeControl "180+1"]
[EndTime "11:22:42 PST"]
[Termination "chessmachine14 won by resignation"]

1. e4 c5 2. Nf3 e6 3. d4 cxd4 4. Nxd4 Nf6 5. Nc3 d6 6. Be2 Be7 7. O-O O-O 8. Be3 Nc6 9. f4 e5 10. Nf5 Bxf5 11. exf5 exf4 12. Rxf4 d5 13. Nb5 a6 14.
Nd4 Bc5 15. c3 Re8 16. Bf2 Bd6 17. Rf3 Ng4 18. Bg3 Nce5 19. Bxe5 Bxe5 20. Rh3 Bxd4+ 21. cxd4 Ne3 22. Qd3 Qg5 23. Rg3 Qf4 24. Rf3 Qe4 25. Qxe4 Rxe4 26. Bd3 Ree8 27. Re1 Ng4 28. Rxe8+ Rxe8 29. g3 Re1+ 30. Kg2 Rd1 31. h3 Rd2+ 32. Kg1 Nf6 33. Re3 Kf8 34. b3 Rxa2 35. Be2 Ne4 36. Bf3 Nxg3 37. Bxd5 Ne2+ 38. Kf2 Nc3+ 39.
Kf3 Nxd5 40. Re5 Ne7 41. Rc5 Nc6 42. d5 Nd4+ 43. Ke4 Nxb3 44. d6 Ke8 45. Kd5 Ra5 46.
Rxa5 Nxa5 47. f6 gxf6 48. Kc5 Kd7 49. Kb6 Nc4+ 50. Kc5 b5 51. Kd5 Nxd6 52. Kc5 Nc4 53. Kb4 Kc6 54. h4 a5+ 55. Kc3 Kc5 56. h5 a4 57. h6 b4+ 58. Kc2 a3 59. Kc1 b3 60.
Kb1 Kb4 61. Ka1 Kc3 62. Kb1 Ne3 63. Ka1 Nc2+ 64. Kb1 a2+ 0-1

[Event "*** Titled Tuesday Blitz"]
[Site "Chess.com"]
[Date "2021.03.09"]
[Round "7"]
[White "Oligan22"]
[Black "ChronicUnhappiness"]
[Result "1-0"]
[WhiteElo "2485"]
[BlackElo "2345"]
[TimeControl "180+1"]
[EndTime "11:22:44 PST"]
[Termination "Oligan22 won on time"]

1. d4 d5 2. Bf4 Bf5 3. e3 e6 4.
Nd2 c5 5. c3 Nc6 6. Ngf3 Qb6 7.
Qb3 c4 8. Qxb6 axb6 9. a3 b5 10.
Rc1 h6 11. Be2 Nf6 12. O-O Be7 13. Ne5 Nd7 14. Nxd7 Kxd7 15. f3 g5 16. Bg3 Bh7 17. e4 f5 18. exd5 exd5 19. f4 g4 20. Rfe1 Bf6 21.
Nf1 Rhe8 22. Bf2 Re4 23. Ng3 Re6 24. Nh5 Bh8 25. h3 Rae8 26. Kf1 gxh3 27. gxh3 Ne7 28. Bf3 Kd6 29. Rxe6+ Kxe6 30. Re1+ Kd6 31. Bh4 Bg6 32. Nf6 Bxf6 33. Bxf6 Bf7 34. h4 Nc6 35. Be5+ Nxe5 36. fxe5+ Ke6 37. Re2 Rg8 38. Rg2 Rxg2 39. Kxg2 b6 40.
Kg3 Be8 41. Kf4 Bg6 42. Bg2 Bh7 43. Bh3 Bg6 44. h5 Bxh5 45. Bxf5+ Ke7 46. Bh7 Bf7 47. Bf5 Be8 48. Bg4 Bf7 49. Bf3 Ke6 50. Bg4+ Ke7 51. Kg3 Be8 52. Kh4 Bf7 53. Bh5 Be6 54. Bg6 Kf8 55. Kh5 Kg7 56. Be8 b4 57. cxb4 Bf5 58. Kh4 Be4 59. a4 Kf8 60. Bd7 Ke7 61. Bb5 1-0

[Event "*** Titled Tuesday Blitz"]
[Site "Chess.com"]
[Date "2021.03.09"]
[Round "7"]
[White "SanchezKelvin"]
[Black "MustafayevFarid2004"]
[Result "1/2-1/2"]
[WhiteElo "2586"]
[BlackElo "2444"]
[TimeControl "180+1"]
[EndTime "11:22:46 PST"]
[Termination "Game drawn by repetition"]

1. d4 Nf6 2. Nf3 d5 3. c4 e6 4.
Nc3 Bb4 5. Bg5 h6 6. Bxf6 Qxf6 7. e3 O-O 8. Rc1 Nd7 9. a3 Bxc3+ 10. Rxc3 dxc4 11. Rxc4 c6 12. Be2 e5 13. O-O Re8 14.
dxe5 Nxe5 15. Nxe5 Qxe5 16. Qd4 Qe7 17. Rd1 Be6 18.
Rcc1 Rad8 19. Qxa7 Bd5 20. Bf1 Qf6 21. Qd4 Qg5 22.
Qc3 Re6 23. Rd2 Rg6 24. f4 Qe7 25. Rcd1 Re8 26. Re1 Re6 27. Rde2 Re4 28. Rd2 Rxe3 29. Rxe3 Qxe3+ 30. Qxe3 Rxe3 31. Kf2 Re4 32. g3 Re7 33. Re2 Rd7 34. Rd2 Rc7 35. Be2 Re7 36. b4 g6 37. a4 Kg7 38. a5 Re4 39. b5 Ra4 40. a6 bxa6 41. bxa6 Be4 42. Rb2 c5 43. Bb5 Ra5 44.
Ke3 Bd5 45. Be2 Ra3+ 46. Kf2 c4 47. Rb5 Be6 48. Rb6 c3 49. Rc6 Bd5 50. Rd6 Be4 51. Ke3 Bf5 52. Rc6 c2+ 53. Kd2 Ra2 54. Kc1 Ra1+ 55.
Kd2 Ra2 56. Kc1 Ra1+ 57. Kd2 h5 58. h3 Ra2 59. Kc1 Ra1+ 60. Kd2 Ra2 61. Kc1 Ra1+ 62.
Kd2 1/2-1/2

[Event "*** Titled Tuesday Blitz"]
[Site "Chess.com"]
[Date "2021.03.09"]
[Round "7"]
[White "Artem_Sadovsky"]
[Black "chessdjw"]
[Result "0-1"]
[WhiteElo "2577"]
[BlackElo "2734"]
[TimeControl "180+1"]
[EndTime "11:22:47 PST"]
[Termination "chessdjw won on time"]

1. Nf3 Nf6 2. g3 g6 3. Bg2 Bg7 4. O-O O-O 5. c4 Nc6 6. d4 d5 7.
cxd5 Nxd5 8. Nc3 e5 9. Nxd5 e4 10. Ng5 Qxd5 11. Nxe4 Qxd4 12. Bg5 Qxb2 13. Rb1 Qe5 14.
Bf4 Qe7 15. Qa4 Nd4 16. Be3 Nxe2+ 17. Kh1 Nc3 18. Nxc3 Bxc3 19. Rfc1 Be5 20. Bxb7 Bxb7+ 21. Rxb7 Bd6 22. Rxa7 Rxa7 23. Qxa7 Qe4+ 24. Kg1 Ra8 25. Qd4 Qxd4 26. Bxd4 Rxa2 27. Bc5 Re2 28. Bxd6 cxd6 29. Rc8+ Kg7 30. Rd8 Re6 31. h4 Kf6 32. Rd7 h6 33.
Kg2 g5 34. h5 g4 35. Kg1 Re1+ 36. Kg2 Rd1 37. Kh2 d5 38. Kg2 d4 39. Rd6+ Kg5 40.
Rd5+ f5 41. f4+ gxf3+ 42. Kxf3 Rf1+ 43. Kg2 Rd1 44. Kf3 Rd3+ 45. Kf2 Kg4 46. Rd8 Rf3+ 47.
Ke2 d3+ 48. Kd2 Rxg3 49. Rg8+ Kh4 50. Rf8 Rf3 51. Rg8 Kxh5 52. Rg1 Kh4 53. Rh1+ Kg5 54.
Rg1+ Kf4 55. Rh1 Ke4 56. Rxh6 Rf2+ 57. Ke1 Ra2 58. Re6+ Kf3 59. Kd1 f4 60. Rd6 Kf2 0-1

[Event "*** Titled Tuesday Blitz"]
[Site "Chess.com"]
[Date "2021.03.09"]
[Round "7"]
[White "Guzman70"]
[Black "kleopl"]
[Result "1/2-1/2"]
[WhiteElo "2347"]
[BlackElo "2469"]
[TimeControl "180+1"]
[EndTime "11:22:48 PST"]
[Termination "Game drawn by repetition"]

1. e4 d5 2. exd5 Qxd5 3. Nc3 Qd6 4. Nf3 Nf6 5. g3 Nc6 6. Bg2 Bg4 7. O-O e5 8. h3 Bh5 9. d3 O-O-O 10. Qe1 Bxf3 11.
Bxf3 Nd4 12. Bd1 h5 13. h4 Ng4 14. Ne4 Qc6 15. c3 Ne6 16. Qd2 Be7 17. Bf3 Qa6 18. Rd1 f5 19. Ng5 Nxg5 20. hxg5 Bc5 21. d4 exd4 22.
Qf4 g6 23. cxd4 Bd6 24. Qd2 h4 25. Qe2 hxg3 26. fxg3 Qb6 27. Bf4 Rde8 28. Qc4 Bxf4 29. gxf4 Ne3 30. Qc5 Nxd1 31. Rxd1 Qxc5 32. dxc5 Rd8 33.
Rc1 c6 34. Rc3 Rhe8 35. Kf2 Rd2+ 36. Kg3 Rxb2 37. Rd3 Rxa2 38. Rd6 Rg8 39. Rf6 Rc2 40. Bd1 Rxc5 41. Kf2 Rg7 42. Bb3 Rd5 43. Bxd5 cxd5 44. Ke3 Kc7 45. Kd4 Re7 46. Rxg6 Re4+ 47. Kxd5 Rxf4 48. Ke5 Rf1 49. Rf6 Rg1 50. Kxf5 a5 51. g6 b6 52. Rf7+ Kc6 53. g7 b5 54. Ra7 Kb6 55. Rf7 Kc5 56. Ra7 Kb4 57. Kf6 a4 58. Kf7 Ka3 59. Rb7 b4 60. Rb6 b3 61. Rg6 Rf1+ 62.
Ke7 Re1+ 63. Kd7 Rd1+ 64. Kc7 Rc1+ 65. Kd7 b2 66. Rg3+ Kb4 67. Rg4+ Ka3 68. Rg3+ Kb4 69. Rg4+ Ka3 70. Rg3+ 1/2-1/2